Map: Cosmic Sapphire

Players

A.I. 1 (Elite)

  • Race: Zerg Zerg
  • Spawn Location: 11:00

Llansky - Winner!

  • Race: Terran Terran
  • League: Silver
  • Spawn Location: 5:00

VOD

Have the link to the VOD?

Description

Time

  • Played on: July 23, 2022, 11:53 p.m.
  • Length: 23:17
Show
View Real Time Build Order
Export as new Build Order

A.I. 1 (Elite) Zerg 

Build Orders: 1 Base Baneling Bust, Pool Only 

Get SALT Encoding   

  12  0:00  Drone  
  13  0:12  Overlord  
  13  0:16  Drone  
  14  0:31  Drone x2  
  16  0:42  Spawning Pool  
  15  0:45  Drone  
  15  0:49  Drone  
  17  1:31  Queen  
  17  1:32  Zergling x4  
  21  1:35  Drone  
  22  1:43  Overlord  
  22  1:47  Extractor  
  22  1:49  Extractor  
  22  1:53  Drone  
  21  2:04  Drone  
  21  2:07  Queen  
  24  2:14  Drone  
  25  2:25  Drone  
  26  2:30  Roach Warren  
  26  2:36  Drone  
  25  2:37  Drone x3  
  28  2:48  Drone  
  29  2:58  Drone  
  30  3:10  Overlord  
  29  3:15  Zergling x2  
  30  3:28  Drone, Zergling x4  
  33  3:38  Roach x2, Drone  
  37  3:42  Zergling x2  
  38  3:51  Overlord  
  36  4:01  Zergling x2  
  36  4:07  Zergling x4, Drone  
  34  4:13  Drone  
  30  4:23  Drone  
  19  4:35  Drone x4  
  21  4:46  Zergling x2  
  22  4:57  Drone  
  23  5:04  Zergling x2, Drone x2  
  25  5:09  Roach  
  27  5:19  Roach  
  29  5:30  Roach  
  29  5:33  Roach  
  33  5:37  Lair  
  33  5:57  Drone  
  33  6:01  Drone  
  35  6:05  Drone  
  35  6:09  Drone  
  37  6:13  Drone  
  38  6:20  Overlord  
  38  6:24  Drone  
  39  6:27  Drone  
  42  6:32  Roach  
  42  6:37  Roach  
  42  6:39  Hydralisk Den  
  43  6:40  Drone  
  43  6:44  Roach  
  46  6:52  Overlord  
  46  7:08  Roach  
  48  7:09  Baneling Nest, Hydralisk x2  
  48  7:13  Hydralisk  
  46  7:24  Zergling x2  
  46  7:26  Hydralisk  
  46  7:27  Zergling x2  
  49  7:30  Drone  
  49  7:35  Drone  
  50  7:41  Overseer  
  47  7:46  Drone  
  45  7:55  Hydralisk, Baneling  
  45  7:56  Drone x2  
  48  8:00  Drone  
  48  8:09  Drone  
  48  8:19  Hydralisk  
  47  8:24  Roach, Drone x2  
  50  8:31  Drone  
  49  8:42  Drone  
  47  8:50  Baneling x2  
  47  8:53  Roach, Hydralisk, Zergling x2  
  47  8:58  Zergling x2  
  47  9:05  Drone  
  47  9:15  Drone  
  47  9:21  Drone  
  47  9:22  Roach  
  42  9:25  Zergling x2  
  40  9:31  Hydralisk  
  41  9:40  Hydralisk  
  43  9:48  Drone  
  43  9:51  Roach  
  46  9:57  Roach  
  48  10:03  Roach  
  48  10:07  Zergling x2  
  48  10:16  Drone  
  35  10:29  Hydralisk  
  36  10:41  Hydralisk  
  36  10:55  Hydralisk  
  32  11:04  Zergling x2  
  32  11:12  Drone  
  30  11:20  Drone  
  30  11:30  Drone  
  30  11:39  Drone  
  25  11:50  Drone  
  22  12:03  Drone  
  20  12:14  Drone  
  20  12:27  Drone  
  21  12:38  Drone  
  21  12:51  Drone  
  19  13:04  Drone  
  20  13:14  Zergling x2  
  21  13:23  Zergling x2  
  22  13:38  Roach  
  24  13:52  Roach  
  26  14:06  Roach  
  28  14:20  Roach  
  30  14:32  Roach  
  32  14:46  Hydralisk  
  34  14:55  Drone  
  35  15:03  Drone  
  36  15:11  Drone  
  36  15:22  Roach  
  39  15:28  Zergling x2  
  39  15:37  Roach  
  41  15:48  Roach  
  41  16:00  Infestation Pit  
  40  16:15  Drone  
  38  16:21  Zergling x2  
  39  16:32  Hydralisk  
  39  16:36  Infestor  
  43  16:44  Infestor  
  45  16:53  Roach  
  47  16:59  Zergling x2  
  47  17:08  Roach  
  47  17:14  Zergling x2  
  45  17:25  Hydralisk  
  47  17:35  Roach  
  49  17:41  Zergling x2  
  43  17:49  Roach  
  45  17:57  Roach  
  47  18:06  Roach  
  47  18:10  Zergling x2  
  50  18:16  Zergling x2  
  44  18:29  Hydralisk  
  46  18:45  Hydralisk  
  47  19:08  Drone  
Show
View Real Time Build Order
Export as new Build Order

Llansky Terran - Winner!

Build Orders:  

Get SALT Encoding   

  12  0:20  SCV  
  13  0:32  SCV  
  14  0:36  Supply Depot  
  14  0:44  SCV  
  15  0:50  Engineering Bay  
  15  1:10  Barracks  
  15  1:30  Barracks  
  15  1:33  SCV  
  16  1:45  SCV  
  16  1:46  Supply Depot  
  17  1:57  SCV  
  17  2:00  Marine  
  19  2:09  Bunker, SCV  
  20  2:18  Marine  
  21  2:26  Bunker  
  21  2:30  Bunker  
  21  2:32  Marine  
  21  2:50  Marine  
  19  3:07  Marine x2  
  21  3:25  Marine x2  
  21  3:26  Bunker  
  23  3:35  SCV  
  23  3:42  Marine  
  23  3:43  Marine  
  23  3:48  SCV  
  26  4:00  SCV, Marine  
  26  4:01  Marine  
  29  4:12  SCV  
  29  4:18  Marine  
  29  4:19  Marine  
  31  4:32  SCV  
  31  4:55  Supply Depot  
  31  4:57  Supply Depot  
  31  4:58  Supply Depot  
  31  5:00  Supply Depot  
  31  5:01  Bunker  
  31  5:09  Bunker  
  31  5:16  Marine, SCV  
  31  5:18  Marine  
  34  5:28  SCV  
  34  5:34  Marine  
  36  5:36  Marine  
  36  5:40  SCV  
  38  5:52  Refinery, Marine  
  38  5:54  Marine  
  40  6:07  Bunker  
  40  6:09  Marine  
  41  6:12  Marine  
  41  6:13  Bunker  
  42  6:19  Refinery  
  42  6:24  Missile Turret  
  42  6:27  Marine  
  42  6:30  Marine  
  44  6:43  Missile Turret  
  44  6:45  Marine  
  45  6:47  Marine  
  46  6:57  SCV  
  47  7:03  Marine  
  47  7:05  Missile Turret, Marine  
  49  7:09  SCV  
  49  7:10  Factory  
  50  7:21  Marine, SCV  
  49  7:23  Marine  
  49  7:24  Missile Turret  
  50  7:33  SCV  
  51  7:38  Marine  
  52  7:45  SCV  
  52  8:09  Missile Turret  
  52  8:29  Missile Turret  
  52  8:35  Barracks Tech Lab  
  52  8:38  Barracks Reactor  
  52  8:40  Factory Tech Lab  
  52  8:53  Missile Turret  
  52  8:54  Starport  
  52  9:09  Missile Turret  
  52  9:12  Stimpack  
  52  9:19  SCV  
  53  9:31  SCV  
  54  9:43  SCV  
  55  9:53  Terran Infantry Weapons Level 1  
  55  9:54  Command Center  
  55  9:55  SCV  
  56  10:01  Marine  
  56  10:02  Marine  
  56  10:06  Marauder  
  60  10:07  SCV  
  59  10:19  Marine x2  
  61  10:27  Marauder  
  61  10:37  Marine x2  
  61  10:42  Supply Depot x2  
  63  10:45  Supply Depot  
  63  10:52  Combat Shield  
  63  10:57  Starport  
  63  11:03  Marauder, Siege Tank, Marine x2  
  70  11:04  Supply Depot  
  70  11:07  Supply Depot  
  70  11:13  Starport Tech Lab  
  70  11:21  Marine x2  
  70  11:25  Marauder  
  72  11:33  Starport  
  72  11:46  Marauder  
  72  11:47  Terran Infantry Armor Level 1  
  72  11:54  Marine x2  
  74  12:07  Widow Mine, Marine  
  77  12:10  Concussive Shells  
  77  12:12  Marine x2  
  77  12:14  Starport Tech Lab  
  79  12:25  Marine  
  79  12:28  Widow Mine  
  79  12:29  Marine  
  82  12:31  Missile Turret  
  83  12:44  Banshee  
  86  12:51  Bunker  
  86  12:52  SCV  
  86  13:04  SCV  
  82  13:16  SCV  
  83  13:29  SCV  
  83  13:32  Missile Turret  
  84  13:41  Neosteel Armor, SCV  
  85  13:52  Starport Tech Lab  
  85  13:53  SCV  
  86  14:00  Fusion Core, Cloaking Field  
  86  14:04  Hyperflight Rotors  
  86  14:14  Banshee x3  
  95  14:43  Siege Tank  
  98  14:51  Orbital Command  
  98  14:57  Banshee  
  98  14:58  Refinery  
  101  15:02  Refinery  
  101  15:05  SCV  
  102  15:17  SCV  
  103  15:29  SCV  
  104  15:41  SCV  
  105  15:53  SCV  
  106  16:00  Battlecruiser  
  112  16:13  Command Center  
  112  16:28  Command Center  
  112  16:36  Battlecruiser  
  118  17:25  Marine x3  
  121  17:35  Refinery  
  121  17:38  Refinery  
  121  17:42  Marine x3  
  124  17:45  SCV  
  125  17:53  Refinery  
  125  17:57  SCV  
  126  18:00  Marine x3  
  129  18:10  SCV, Armory  
  130  18:18  Marine x3  
  130  18:19  Hi-Sec Auto Tracking  
  133  18:22  SCV  
  134  18:32  Battlecruiser  
  134  18:34  SCV  
  141  18:36  Marine  
  142  18:55  Supply Depot  
  142  18:57  Supply Depot  
  142  18:59  Armory  
  142  19:19  Supply Depot  
  142  19:21  Supply Depot  
  142  19:23  Terran Vehicle Weapons Level 1  
  142  19:32  Medivac  
  144  19:40  Weapon Refit  
  142  19:46  Supply Depot  
  142  19:48  Supply Depot, Armory  
  142  19:58  Missile Turret  
  142  20:02  Medivac  
  144  20:09  Supply Depot  
  144  20:18  Missile Turret  
  144  20:28  Battlecruiser  
  150  20:31  Supply Depot  
  150  20:32  Medivac  
  152  20:38  Missile Turret  
  152  20:43  Bunker  
  152  20:58  Missile Turret  
  152  21:00  SCV  
  152  21:02  Medivac  
  155  21:13  SCV  
  156  21:18  Missile Turret  
  156  21:25  SCV  
  157  21:32  Medivac  
  159  21:37  SCV  
  160  21:49  SCV  
Tags
 
Add a new tag
Caveats
  • Supply blocks, unpowered buildings, or Contaminate may cause inaccurate times.
  • Supply counts are checked every 10 seconds.